 Dungeon Crawl Stone Soup version 0.20-a0-809-gaf7f668 (webtiles) character file.

1039 Alarkh the Slasher (level 8, 38/62 HPs)
             Began as a Demonspawn Abyssal Knight on Mar 2, 2017.
             Was a Priest of Lugonu.
             Quit the game on level 5 of the Dungeon.
             The game lasted 00:05:58 (5921 turns).

Alarkh the Slasher (Demonspawn Abyssal Knight)      Turns: 5921, Time: 00:05:58

Health: 38/62      AC:  9    Str: 19    XL:     8   Next: 4%
Magic:  11/11      EV: 13    Int: 15    God:    Lugonu [***...]
Gold:   238        SH:  0    Dex: 13    Spells: 7/7 levels left

rFire    . . .     SeeInvis .   a - +1 falchion
rCold    . . .     Gourm    .   y - +0 leather armour (curse)
rNeg     . . .     Faith    .   (no shield)
rPois    .         Spirit   .   (no helmet)
rElec    .         Reflect  .   (no cloak)
rCorr    .         Harm     .   (no gloves)
MR       .....                  (no boots)
Stlth    ++........             (no amulet)
Regen    0.2/turn               v - +4 ring of strength
MPRegen  0.2/turn               h - +2 ring of strength

@: sanguine armour
A: claws 1, nightstalker 1, spiny 1, sanguine armour 1
a: Depart the Abyss, Bend Space, Banish, Renounce Religion


You were on level 5 of the Dungeon.
You worshipped Lugonu.
Lugonu was most pleased with you.
You were not hungry.

You visited 2 branches of the dungeon, and saw 6 of its levels.
You visited the Abyss 1 time.

You collected 238 gold pieces.

Inventory:

Hand Weapons
 a - a +1 falchion (weapon)
Armour
 b - a +0 leather armour
 y - a cursed +0 leather armour (worn)
Jewellery
 h - a +2 ring of strength (left claw)
 v - a +4 ring of strength (right claw)
Wands
 o - a wand of paralysis (6/24)
Scrolls
 d - 2 scrolls of teleportation
 e - a scroll of identify
 f - a scroll of enchant weapon
 g - a scroll of fear
 i - 3 scrolls of random uselessness {unknown}
 k - a scroll of remove curse
 l - 2 scrolls of blinking {unknown}
 q - 2 scrolls of enchant armour {unknown}
 r - a scroll of immolation
 s - a scroll of fog
 t - 2 scrolls of amnesia {unknown}
 z - a scroll of recharging {unknown}
Potions
 m - a potion of haste
 n - 2 potions of curing
 w - a potion of resistance
Comestibles
 c - 6 bread rations
 j - 2 royal jellies
 p - a meat ration
 u - 2 fruits
 A - 5 chunks of flesh


   Skills:
 + Level 5.0 Fighting
 * Level 5.3 Long Blades
 + Level 3.4 Armour
 + Level 3.6 Dodging
 + Level 5.1 Invocations


You had 7 spell levels left.
You didn't know any spells.

Dungeon Overview and Level Annotations

Branches:
Dungeon (5/15)             Temple (1/1) D:4

Altars:
Ashenzari
Cheibriados
Dithmenos
Elyvilon
Fedhas
Hepliaklqana
Kikubaaqudgha
Makhleb
Nemelex Xobeh
Okawaru
Qazlal
Ru
Sif Muna
Trog
Uskayaw
Wu Jian
Xom
Zin
The Shining One


Innate Abilities, Weirdness & Mutations

You have sharp fingernails.
You are slightly more attuned to the shadows.
You are partially covered in sharp spines.
When seriously injured, your bleeding wounds create armour. (AC +6)


Message History

You feel less invigorated.
You feel less confused. Edmund barely misses you.
Edmund is struck by your spines.
Edmund hits you with a flail of protection.
You slash Edmund!
Edmund is almost dead.
Edmund is struck by your spines.
You kill Edmund!
Lugonu accepts your kill.
Your Fighting skill increases to level 5!
You have reached level 8!
You feel stronger.
Your demonic ancestry asserts itself...
Your fingernails lengthen.
Things that are here:
a flail of protection; a scale mail; the human corpse of Edmund
A - 5 chunks of flesh (gained 3)
Things that are here:
a flail of protection; a scale mail; the human skeleton of Edmund Are you sure you want to abandon this character and quit the game? (Confirm with "yes".)

......^#.# ##.....###
.#####.#.# #....## #.
.# #...# #.#.## #..##
.# #.### #.#.#####..#.
.# #.###### ###
#.#..........
.#####....... ..#
#.#####.##≈≈.
.......###### #.####.#
##.≈≈≈≈ ##..####
#.##...#####≈≈≈≈≈≈
##..#
#@##.####.#≈≈≈≈≈≈≈
##..#
##.##.####).##≈≈≈≈≈
##..#
####......##..≈≈#≈≈≈≈#
##..#
#............≈≈#≈≈≈≈≈≈
##..####
#.##......#..≈≈#...≈..
##.....#
##.##.###.###..≈≈..♣..<
#.###.# ##.#.#.# #.#
##≈≈≈≈/≈≈..
#.###.###.###..# #.#
#≈≈≈≈≈≈≈≈≈ #........##
##.# #.# ##≈≈≈≈≈#≈#


There were no monsters in sight!

Vanquished Creatures
  Grinder (D:3)
  Edmund (D:5)
  A phantom (D:4)
  An ogre (D:5)
  A centaur skeleton (D:4)
  A gnoll shaman (D:5)
  Jessica (D:2)
  3 iguanas
  Ijyb (D:2)
  A worker ant (D:5)
  A hound skeleton (D:4)
  8 gnolls
  A howler monkey skeleton (D:4)
  10 adders
  A shadow imp (D:5)
  5 worms
  16 dart slugs
  2 leopard geckos
  An orc (D:3)
  5 ball pythons (D:3)
  4 giant cockroaches
  7 hobgoblins
  12 jackals
  A quokka (D:2)
  7 bats
  4 frilled lizards
  4 goblins
  7 kobolds
  A quokka zombie (D:5)
  6 rats
115 creatures vanquished.

Notes
Turn   | Place    | Note
-------+----------+-------------------------------------------
     0 | Abyss:1  | Alarkh the Demonspawn Abyssal Knight began the quest for the Orb.
     0 | Abyss:1  | Reached XP level 1. HP: 18/18 MP: 2/2
    84 | Abyss:1  | Noticed a spatial maelstrom
    85 | Abyss:1  | Noticed a spatial vortex
    85 | D:1      | Escaped the Abyss
   221 | D:1      | Reached skill level 1 in Dodging
   485 | D:1      | Gained mutation: You are partially covered in sharp spines. [demonic ancestry]
   485 | D:1      | Reached XP level 2. HP: 24/24 MP: 3/3
   505 | D:1      | Reached * piety under Lugonu
   661 | D:1      | Gained mutation: When seriously injured, your bleeding wounds create armour. (AC +6) [demonic ancestry]
   661 | D:1      | Reached XP level 3. HP: 18/29 MP: 5/5
  1284 | D:2      | Found a hide-covered altar of Uskayaw.
  1321 | D:2      | Noticed a hand axe
  1322 | D:2      | Noticed a hand axe
  1335 | D:2      | Noticed Ijyb
  1337 | D:2      | Paralysed by Ijyb for 6 turns
  1344 | D:2      | Paralysed by Ijyb for 5 turns
  1352 | D:2      | Paralysed by Ijyb for 3 turns
  1357 | D:2      | Killed Ijyb
  1357 | D:2      | Gained mutation: You are slightly more attuned to the shadows. [demonic ancestry]
  1357 | D:2      | Reached XP level 4. HP: 17/35 MP: 6/6
  1617 | D:2      | Noticed Jessica
  1634 | D:2      | Killed Jessica
  1918 | D:2      | Reached XP level 5. HP: 39/41 MP: 7/7
  2064 | D:2      | Reached ** piety under Lugonu
  2606 | D:2      | Found a blossoming altar of Fedhas.
  2994 | D:3      | Noticed Grinder
  3014 | D:3      | Killed Grinder
  3014 | D:3      | Reached XP level 6. HP: 14/48 MP: 7/9
  3552 | D:3      | Found an ornate altar of the Wu Jian Council.
  4041 | D:4      | Found a white marble altar of Elyvilon.
  4132 | D:4      | Reached XP level 7. HP: 41/55 MP: 10/10
  4468 | D:4      | Found a staircase to the Ecumenical Temple.
  4497 | Temple   | Entered the Ecumenical Temple
  4716 | D:5      | Entered Level 5 of the Dungeon
  4838 | D:5      | Reached *** piety under Lugonu
  5315 | D:5      | Reached skill level 5 in Long Blades
  5324 | D:5      | Reached skill level 5 in Invocations
  5878 | D:5      | Noticed Edmund
  5917 | D:5      | Killed Edmund
  5917 | D:5      | Reached skill level 5 in Fighting
  5917 | D:5      | Gained mutation: You have sharp fingernails. [demonic ancestry]
  5917 | D:5      | Reached XP level 8. HP: 38/62 MP: 11/11
  5921 | D:5      | Quit the game

Vault maps used:
D:1:      elethiomel_arrival_shortcut, minmay_heptomino_w4
D:2:      dancing_weapons_uskayaw, nicolae_overflow_hidden_temple, uniq_jessica,
          uniq_iyjb
D:3:      marbit_many_paths, minmay_shallow_snake_nest, uniq_grinder
D:4:      elyvilon_altar_5, minmay_temple_entry_glassed_door, first_bread
D:5:      kennysheep_slugbush, uniq_edmund
Temple:   eino_wide_crystal_templ

Skill      XL: |  1  2  3  4  5  6  7 |
---------------+----------------------+-----
Dodging        | 1 2 3 |  3.6
Long Blades    | 2 3 4 5 |  5.3
Armour         | 2 3 |  3.4
Invocations    | 3 4 5 |  5.1
Fighting       | 4 5 |  5.0

Action                   |  1- 3 |  4- 6 |  7- 9 || total
-------------------------+-------+-------+-------++-------
Melee: Falchion          |    64 |   140 |   131 ||   335
Invok: Depart the Abyss  |     1 |       |       ||     1
  Use: Scroll            |     2 |     1 |     7 ||    10
       Potion            |       |     4 |     1 ||     5
 Stab: Sleeping          |       |     6 |     3 ||     9
       Distracted        |       |     1 |       ||     1
  Eat: Chunk             |     1 |     9 |     6 ||    16
Armor: Leather armour    |    18 |    18 |    21 ||    57
       Skin              |       |    77 |       ||    77
Dodge: Dodged            |    45 |    64 |    65 ||   174
       Rpst.: Falchion   |    14 |    15 |    17 ||    46
